Map: At Eternity's Edge LE

Players

Yogibear - Winner!

  • Race: Terran Terran
  • League: Diamond

Alman

  • Race: Zerg Zerg
  • League: Diamond

VOD

Have the link to the VOD?

Description

Time

  • Played on: Aug. 17, 2026, 5:24 p.m.
  • Length: 39:52
Show
View Real Time Build Order
Export as new Build Order

Yogibear Terran - Winner!

Build Orders: Reaper Expand 

Get SALT Encoding   

  8  0:00  SCV  
  9  0:12  SCV  
  10  0:24  SCV  
  11  0:30  Supply Depot  
  11  0:36  SCV  
  12  0:48  SCV  
  13  0:55  Barracks  
  13  1:01  SCV  
  14  1:07  Refinery  
  14  1:13  SCV  
  15  1:27  SCV  
  16  1:39  SCV  
  17  1:51  Reaper  
  19  1:57  Orbital Command  
  18  2:08  Command Center  
  18  2:27  Marine  
  19  2:32  Command Center  
  19  2:35  SCV  
  20  2:48  SCV  
  21  3:09  Barracks Reactor  
  21  3:13  Factory  
  21  3:17  Supply Depot  
  21  3:20  SCV  
  22  3:28  Orbital Command  
  22  3:32  SCV, Bunker  
  22  3:37  Refinery  
  22  3:44  SCV, Marine x2  
  22  3:48  Orbital Command  
  25  3:54  SCV  
  26  3:56  SCV  
  27  4:06  SCV  
  27  4:08  SCV  
  29  4:11  Barracks Tech Lab, Supply Depot  
  29  4:13  Hellion  
  29  4:15  Hellion  
  33  4:17  SCV  
  33  4:19  SCV  
  33  4:20  SCV  
  36  4:29  SCV  
  36  4:31  SCV  
  38  4:33  SCV  
  38  4:34  Hellion  
  38  4:36  Hellion  
  38  4:38  Stimpack  
  43  4:42  SCV  
  43  4:43  SCV  
  45  4:45  SCV  
  46  4:53  Marine  
  46  4:54  SCV  
  46  4:55  SCV, Hellion  
  46  4:57  Hellion  
  46  4:58  SCV  
  54  5:06  SCV  
  55  5:07  SCV  
  55  5:08  Engineering Bay  
  55  5:09  Barracks  
  57  5:14  SCV  
  57  5:16  Starport  
  57  5:18  SCV, Refinery  
  57  5:19  Refinery  
  57  5:20  Hellion  
  57  5:21  Hellion  
  62  5:23  SCV  
  63  5:31  Supply Depot  
  63  5:34  Supply Depot  
  63  5:37  Supply Depot  
  63  5:38  Terran Infantry Weapons Level 1  
  63  5:39  Marine  
  63  5:40  SCV x3  
  67  5:51  Barracks, Orbital Command, Factory Tech Lab  
  67  5:52  SCV  
  67  5:53  SCV  
  69  6:00  Barracks Reactor  
  69  6:02  Starport Reactor  
  69  6:04  SCV  
  70  6:17  Combat Shield  
  68  6:18  SCV  
  68  6:19  SCV x2  
  71  6:30  SCV  
  64  6:37  SCV x2  
  64  6:39  Marine x2, Siege Tank  
  65  6:43  SCV, Medivac x2  
  70  6:48  Bunker  
  70  6:49  SCV x2  
  70  6:52  Supply Depot  
  70  6:53  Marine x2  
  70  6:54  Marine  
  75  6:55  SCV  
  75  6:57  Marine  
  78  7:01  SCV x2  
  78  7:07  SCV  
  80  7:10  Armory, Barracks  
  80  7:11  Command Center, Engineering Bay  
  80  7:14  Barracks  
  80  7:15  Marine x3  
  82  7:17  Barracks  
  82  7:19  Siege Tank, Barracks  
  86  7:29  SCV x3  
  89  7:40  Refinery  
  89  7:42  Command Center  
  89  7:44  SCV x2  
  89  7:45  SCV  
  89  7:48  Supply Depot  
  89  7:49  Supply Depot  
  92  7:51  Supply Depot  
  92  7:53  Supply Depot  
  92  7:57  SCV x3  
  95  7:58  Marine  
  95  7:59  Marine x4  
  95  8:02  Terran Infantry Weapons Level 2  
  95  8:05  Terran Infantry Armor Level 1  
  101  8:06  Barracks Tech Lab  
  101  8:07  Barracks Tech Lab  
  101  8:08  Barracks Tech Lab  
  101  8:10  Barracks Tech Lab  
  101  8:12  SCV  
  101  8:14  Refinery  
  101  8:26  Drilling Claws  
  101  8:29  Missile Turret  
  101  8:30  Missile Turret x2  
  101  8:31  Factory, Missile Turret x2  
  101  8:32  Missile Turret  
  101  8:37  Missile Turret  
  101  8:38  Missile Turret  
  101  8:40  Missile Turret  
  101  8:48  Widow Mine, Orbital Command  
  103  8:52  Concussive Shells  
  103  8:54  Medivac x2  
  103  8:55  Marine x3  
  110  9:02  Marine x2  
  110  9:03  Marine x3  
  110  9:06  Missile Turret x2  
  110  9:09  Widow Mine  
  114  9:33  Marine  
  114  9:34  Marine x8  
  114  9:35  Widow Mine  
  114  9:36  Factory Reactor  
  125  9:42  Terran Vehicle Weapons Level 1  
  125  9:51  Marine x6  
  125  9:52  Marine  
  132  9:56  Widow Mine  
  134  10:09  SCV x4  
  138  10:18  Widow Mine  
  138  10:19  Marine x3  
  138  10:20  Marine x6  
  138  10:21  SCV x4  
  151  10:24  Widow Mine x2  
  151  10:25  Medivac x2  
  161  10:33  Terran Infantry Armor Level 2, Terran Infantry Weapons Level 3  
  161  10:36  SCV  
  161  10:38  Marine, SCV x2  
  161  10:49  Marine  
  168  10:50  Widow Mine x3, Barracks x2  
  168  10:51  Planetary Fortress, Barracks  
  168  10:54  Barracks  
  168  10:55  Medivac x2  
  168  10:56  Barracks  
  172  10:59  Marine  
  172  11:00  Marine x4  
  177  11:05  Command Center  
  177  11:06  Refinery  
  177  11:08  Refinery  
  177  11:09  Missile Turret  
  177  11:11  Sensor Tower  
  177  11:20  Marine x8, Widow Mine  
  177  11:21  Supply Depot x2  
  177  11:23  Marine  
  188  11:38  Marine x5  
  193  11:44  Starport  
  193  11:47  Starport  
  193  11:51  Factory, Barracks Tech Lab x5  
  98  12:30  Marine  
  98  12:31  Marine x10  
  98  12:36  Starport Reactor  
  98  12:37  Starport Reactor, Ghost Academy  
  104  12:46  Command Center  
  104  12:47  Command Center  
  104  12:55  Marauder x4  
  104  12:56  Marauder  
  112  13:06  Ghost x5  
  112  13:07  Marine x4  
  124  13:16  Ghost x2, Marine x3  
  129  13:25  Marine, Liberator x4  
  142  13:32  Fusion Core  
  142  13:34  Ghost x4  
  150  13:48  Ghost x2  
  150  13:49  Ghost  
  150  13:55  Marauder x3  
  162  14:08  Liberator, Marauder x3  
  171  14:19  Orbital Command  
  168  14:39  Marine x7  
  168  14:42  Liberator x3  
  168  14:44  Planetary Fortress  
  184  14:49  Planetary Fortress  
  184  14:51  SCV  
  184  14:52  SCV x4  
  189  15:02  Refinery  
  189  15:03  SCV  
  190  15:08  Refinery  
  190  15:09  Advanced Ballistics  
  190  15:20  Ghost  
  190  15:21  Ghost  
  192  15:26  Command Center  
  192  15:27  Command Center  
  194  15:29  Command Center  
  189  15:52  SCV  
  189  15:53  SCV x4  
  192  16:01  Ghost  
  192  16:02  Ghost x2  
  192  16:04  SCV x2  
  200  16:08  Refinery  
  200  16:16  Refinery  
  200  16:18  Missile Turret  
  200  16:34  Terran Ship Weapons Level 1  
  200  17:03  Missile Turret  
  143  17:27  Ghost  
  143  17:28  Ghost x3, Marine  
  143  17:29  Marine x7  
  159  17:32  Liberator x4  
  159  17:33  Liberator  
  174  17:37  Marine x2  
  174  17:42  Hellbat x3  
  182  17:46  Marine x5  
  182  17:47  Marine x2  
  182  17:50  Planetary Fortress  
  189  17:56  Orbital Command  
  189  17:57  Orbital Command  
  189  18:00  Caduceus Reactor  
  189  18:01  Ghost x2  
  189  18:02  Ghost  
  189  18:03  Hellbat, Marauder  
  199  18:35  Sensor Tower  
  199  18:36  Refinery  
  199  18:37  Refinery  
  160  19:04  Ghost x3, Marine  
  160  19:05  Marine x3, Marauder  
  160  19:06  Marauder x2, Marine x4  
  160  19:07  Medivac  
  160  19:08  Medivac x2  
  186  19:15  Infernal Pre-Igniter  
  186  19:22  Marine  
  186  19:23  Marine  
  185  19:33  Hellbat x3  
  191  19:50  Terran Infantry Armor Level 3  
  191  19:51  Ghost x4  
  199  19:59  Terran Vehicle Weapons Level 2  
  199  20:18  Command Center x2  
  199  20:20  Command Center  
  175  20:31  Ghost x3  
  150  20:58  Ghost x3  
  150  20:59  Marine x2, Marauder x2  
  150  21:00  Marine x6, Marauder  
  150  21:01  Command Center  
  150  21:02  Liberator x2  
  150  21:03  Liberator x4  
  188  21:07  Hi-Sec Auto Tracking  
  184  21:17  Marine x2  
  143  21:21  Ghost x5  
  143  21:22  Marine x4  
  157  21:26  Marine  
  157  21:27  Marine x2  
  160  21:33  Orbital Command  
  160  21:34  Orbital Command  
  160  21:35  Marine, Orbital Command  
  161  21:45  Widow Mine  
  167  21:50  Marauder x3  
  167  21:51  Marine x7, Marauder x3  
  167  21:53  Marine  
  183  22:12  Planetary Fortress  
  183  22:15  Terran Vehicle And Ship Armor Level 1  
  183  22:27  Marine x7  
  190  22:30  Hellbat x3  
  196  22:48  Refinery x2  
  196  22:51  Hellbat x2  
  197  23:09  Marine  
  197  23:10  Marine x2  
  200  23:14  Command Center  
  198  23:39  Ghost  
  195  24:09  Terran Vehicle Weapons Level 3  
  183  24:26  Marine x14  
  183  24:30  Orbital Command  
  190  24:35  Liberator x3  
  190  24:36  Liberator  
  195  24:39  SCV x5  
  195  24:43  Marine  
  195  24:44  Marine, Missile Turret x2  
  195  24:45  Missile Turret x2  
  189  24:59  Medivac x2  
  193  25:03  Missile Turret  
  193  25:04  Missile Turret x2  
  154  25:16  Marine x7  
  154  25:17  Marine x4  
  154  25:18  Medivac  
  131  25:24  Marine x2  
  131  25:25  Marine  
  131  25:27  Hellbat  
  131  25:28  Hellbat x2  
  138  25:32  Smart Servos  
  138  25:34  Marine x6  
  144  25:45  Marauder x3, Ghost x4  
  144  25:46  Ghost  
  144  25:49  Hellbat x2  
  164  25:52  Marine x6  
  166  26:42  Marine x12  
  166  26:46  Terran Vehicle And Ship Armor Level 2  
  173  26:56  Ghost x2  
  173  26:58  Hellbat x2  
  173  26:59  Hellbat, Ghost  
  173  27:00  Ghost x2  
  173  27:01  Orbital Command  
  189  27:14  Marine x9  
  191  27:20  Hellbat x2  
  195  27:25  Marine x2  
  195  27:28  Ghost  
  199  27:32  Refinery  
  199  27:37  Refinery, Marine  
  190  28:19  Command Center  
  185  28:21  Marine  
  185  28:22  Marine x13  
  199  28:29  Command Center  
  199  28:39  Marine  
  191  28:55  Marine x13  
  198  29:43  Refinery  
  198  29:45  Planetary Fortress  
  198  29:48  Planetary Fortress  
  199  30:07  SCV x2  
  141  30:21  Marine x3  
  141  30:22  Marine x11  
  141  30:27  Hellbat x3, Orbital Command  
  155  30:39  Ghost x5  
  155  30:40  Ghost x2  
  163  30:44  Refinery  
  163  30:45  Refinery  
  163  30:48  Hellbat x2  
  106  31:20  Marauder x2, Marine x3  
  106  31:21  Marauder x8, Marine  
  122  31:38  Marine x3  
  122  31:43  Ghost  
  122  31:44  Marine  
  122  31:45  Marine x4  
  122  31:55  Marine  
  122  31:56  Marine x6  
  119  32:10  Ghost x2  
  123  32:17  Refinery  
  123  32:27  Ghost x2  
  127  32:45  Marauder x4, Marine x5  
  126  33:13  Orbital Command  
  124  33:23  Ghost  
  124  33:24  Ghost  
  124  33:25  Marauder x3, Marine  
  124  33:26  Marauder x2, Marine x4  
  140  33:41  SCV x6  
  140  33:42  SCV  
  141  34:11  Command Center  
  139  34:25  Marine x4  
  139  34:26  Marine x2  
  139  34:34  SCV  
  139  34:35  SCV x3  
  143  34:59  Orbital Command  
  143  35:11  Ghost x4  
  151  35:18  Hellbat  
  153  35:23  Orbital Command  
  153  35:33  Liberator x2  
  159  35:46  Ghost  
  161  35:51  Unknown  
  161  35:55  Refinery  
  161  35:57  Refinery  
  161  35:59  Ghost x2  
  150  36:53  Marine x3  
  150  36:54  Marine x11  
  158  37:11  Marine x7, Ghost x2  
  158  37:12  Marine x2  
  171  37:19  Personal Cloaking  
  161  37:48  Marine  
  161  37:49  Marine x13  
  159  38:06  Marine, Ghost x4  
  159  38:07  Marine x5  
  159  38:10  Medivac x2  
  165  38:38  SCV x7  
  163  38:50  SCV  
  163  38:51  SCV x4  
  163  38:53  Ghost x3  
  174  39:00  Ghost  
  176  39:09  Command Center  
  176  39:19  Hellbat x3  
Show
View Real Time Build Order
Export as new Build Order

Alman Zerg 

Build Orders: Hatch First, Lurkers 

Get SALT Encoding   

  8  0:05  Drone  
  9  0:12  Drone  
  10  0:20  Drone  
  11  0:22  Drone  
  12  0:34  Overlord  
  12  0:41  Extractor, Drone  
  13  0:54  Drone  
  13  0:55  Drone  
  15  1:05  Drone  
  16  1:14  Drone  
  17  1:24  Drone  
  18  1:29  Hatchery  
  17  1:34  Drone  
  18  1:40  Spawning Pool  
  18  1:44  Drone  
  18  1:50  Extractor  
  18  1:54  Drone  
  18  2:04  Drone  
  19  2:18  Overlord  
  19  2:26  Drone  
  20  2:35  Queen  
  22  2:37  Hatchery  
  22  2:39  Drone  
  22  2:47  Queen  
  22  2:50  Drone  
  25  2:56  Spore Crawler  
  23  3:00  Spore Crawler  
  23  3:02  Zergling x2  
  23  3:08  Metabolic Boost  
  23  3:15  Zergling x4  
  25  3:23  Spine Crawler  
  26  3:29  Drone x5  
  31  3:37  Drone  
  31  3:40  Overlord  
  32  3:44  Overlord  
  32  3:52  Queen  
  34  3:59  Drone x3  
  37  4:04  Drone  
  37  4:05  Drone x2  
  37  4:07  Drone  
  41  4:11  Drone  
  41  4:12  Drone  
  41  4:16  Drone x2  
  45  4:17  Drone  
  45  4:19  Drone  
  45  4:23  Overlord  
  47  4:26  Overlord  
  47  4:33  Extractor  
  47  4:35  Extractor  
  47  4:36  Roach Warren  
  47  4:38  Drone x3  
  46  4:40  Drone  
  48  4:47  Lair  
  48  4:48  Drone x2  
  50  4:55  Drone x4  
  54  5:02  Drone x2  
  54  5:05  Drone x5  
  61  5:09  Overlord  
  61  5:11  Overlord  
  61  5:14  Overlord  
  61  5:17  Roach  
  61  5:18  Roach  
  61  5:20  Roach  
  67  5:29  Drone x2  
  67  5:30  Drone x2  
  67  5:34  Roach  
  73  5:39  Drone  
  73  5:40  Drone  
  73  5:42  Drone x3  
  78  5:45  Glial Reconstitution  
  78  5:51  Hatchery  
  77  5:58  Drone x7  
  77  6:00  Extractor  
  77  6:02  Extractor  
  82  6:06  Extractor  
  82  6:08  Drone  
  82  6:10  Spire  
  79  6:12  Baneling Nest  
  62  6:38  Drone x13  
  72  6:48  Queen  
  74  6:56  Hatchery  
  74  6:57  Drone x3  
  78  7:01  Roach x3  
  78  7:02  Roach x2  
  78  7:03  Drone  
  78  7:04  Centrifugal Hooks  
  78  7:08  Queen  
  87  7:09  Drone x2  
  91  7:16  Roach  
  91  7:17  Roach, Overseer  
  91  7:18  Overlord x3  
  91  7:21  Zerg Flyer Weapons Level 1  
  95  7:25  Evolution Chamber  
  95  7:26  Evolution Chamber  
  95  7:29  Drone x3  
  96  7:32  Evolution Chamber  
  95  7:39  Drone x9  
  104  7:44  Drone  
  104  7:48  Roach x2, Zergling x2  
  104  7:49  Zergling x6, Roach  
  115  7:58  Zerg Melee Weapons Level 1, Zerg Missile Weapons Level 1, Zerg Ground Armor Level 1  
  115  8:00  Drone  
  115  8:01  Drone x2  
  115  8:03  Drone, Spore Crawler  
  115  8:04  Hydralisk Den  
  115  8:05  Zergling x6  
  120  8:07  Baneling  
  120  8:08  Baneling x4  
  120  8:09  Baneling  
  120  8:24  Drone  
  120  8:25  Drone x3  
  120  8:27  Overlord x5  
  124  8:28  Overlord x3  
  124  8:32  Grooved Spines  
  124  8:35  Infestation Pit  
  124  8:36  Baneling  
  124  8:37  Baneling x7  
  124  8:40  Drone  
  124  8:45  Drone x3  
  124  8:47  Drone x7  
  134  8:51  Pneumatized Carapace  
  134  8:54  Drone  
  134  8:55  Drone  
  136  8:56  Extractor, Drone x2  
  136  8:57  Extractor  
  136  8:58  Drone  
  137  9:08  Spore Crawler, Drone x10  
  146  9:23  Roach, Zergling x2  
  146  9:24  Zergling x14  
  155  9:37  Drone x3  
  158  9:39  Drone x2  
  158  9:42  Extractor, Drone x3  
  158  9:43  Drone x3, Extractor  
  158  9:44  Hydralisk x5, Drone  
  175  9:52  Hydralisk x3  
  177  9:54  Hive  
  177  9:56  Zerg Flyer Weapons Level 2  
  177  9:57  Muscular Augments, Zerg Melee Weapons Level 2, Zerg Missile Weapons Level 2  
  177  9:58  Zerg Ground Armor Level 2, Lurker Den  
  177  9:59  Overlord x3  
  180  10:00  Overlord, Overseer  
  180  10:01  Overseer  
  180  10:05  Spore Crawler  
  180  10:06  Spore Crawler  
  178  10:08  Hydralisk  
  178  10:09  Hydralisk x2, Zergling x6  
  178  10:11  Overlord  
  178  10:12  Overlord x2  
  185  10:44  Spore Crawler  
  185  10:45  Spore Crawler  
  183  10:55  Lurker x10  
  193  11:14  Zergling x8  
  193  11:15  Zergling x4  
  193  11:16  Adaptive Talons, Adrenal Glands  
  199  11:21  Ultralisk Cavern  
  198  11:27  Burrow  
  198  11:56  Hatchery  
  195  12:13  Seismic Spines  
  167  12:24  Unknown  
  162  12:31  Zergling x2, Mutalisk  
  162  12:32  Mutalisk x14  
  162  12:33  Mutalisk x4  
  199  12:42  Overseer  
  197  12:50  Queen  
  199  12:53  Zerg Melee Weapons Level 3, Zerg Missile Weapons Level 3, Zerg Ground Armor Level 3  
  199  13:16  Hatchery  
  198  13:23  Hatchery, Zergling x2  
  198  13:25  Extractor  
  198  13:26  Spore Crawler  
  198  13:27  Extractor  
  195  13:50  Greater Spire  
  195  14:00  Drone x3  
  198  14:05  Infestor  
  200  14:20  Spore Crawler  
  200  14:23  Spore Crawler  
  198  14:25  Spore Crawler  
  198  14:28  Spore Crawler  
  198  14:29  Spore Crawler  
  189  14:31  Spore Crawler  
  189  14:32  Spore Crawler  
  189  14:33  Unknown  
  189  14:36  Spore Crawler  
  185  14:40  Spore Crawler x2  
  185  14:41  Spore Crawler  
  185  14:44  Spore Crawler x3  
  179  14:45  Spore Crawler  
  179  14:46  Spore Crawler  
  179  14:47  Spore Crawler  
  179  14:49  Spore Crawler  
  179  14:50  Spore Crawler  
  179  14:52  Chitinous Plating  
  174  14:54  Spore Crawler  
  174  14:55  Spore Crawler  
  172  15:07  Baneling  
  172  15:08  Baneling x3  
  172  15:15  Infestor x5  
  172  15:16  Infestor x5  
  192  15:21  Zergling x2  
  192  15:22  Zergling x14  
  192  15:26  Overseer x3  
  178  16:10  Baneling  
  178  16:11  Baneling x7, Anabolic Synthesis, Zergling x2  
  178  16:12  Zergling x38  
  198  16:34  Queen  
  200  16:41  Zerg Flyer Weapons Level 3  
  200  16:48  Extractor x2  
  200  16:50  Spore Crawler  
  136  17:32  Ultralisk x3  
  136  17:33  Ultralisk x7  
  136  17:34  Zergling x6  
  199  18:08  Hatchery  
  199  18:10  Extractor  
  199  18:11  Spore Crawler  
  196  18:13  Spore Crawler  
  196  18:14  Extractor  
  196  18:17  Drone x3  
  196  18:18  Spore Crawler  
  196  18:37  Queen  
  123  19:09  Ultralisk  
  165  19:10  Ultralisk x7, Zergling x2  
  165  19:11  Zergling x50  
  165  19:12  Zergling x12  
  195  19:19  Zerg Flyer Armor Level 1  
  195  19:22  Mutalisk  
  195  19:23  Mutalisk  
  199  19:26  Spore Crawler x3  
  196  19:33  Baneling x20  
  196  19:42  Drone x3  
  199  19:53  Hatchery  
  199  19:55  Spore Crawler  
  197  20:01  Infestor x2  
  197  20:03  Spore Crawler  
  196  20:09  Spore Crawler  
  196  20:11  Spore Crawler  
  194  20:14  Spore Crawler  
  153  20:50  Corruptor  
  153  20:51  Infestor x5  
  153  20:52  Corruptor, Zergling x2  
  153  20:53  Zergling x2  
  153  20:54  Zergling x4  
  153  20:56  Zergling x6  
  153  20:57  Zergling x40  
  182  21:01  Queen  
  189  21:19  Corruptor  
  189  21:20  Corruptor x4  
  199  21:28  Zerg Flyer Armor Level 2  
  199  21:29  Overseer x3  
  199  21:42  Spine Crawler x2  
  199  21:43  Spine Crawler  
  196  21:49  Spine Crawler  
  196  21:52  Spine Crawler  
  194  21:54  Spine Crawler  
  193  22:13  Brood Lord x2  
  193  22:14  Brood Lord  
  199  22:24  Baneling x3  
  199  22:25  Baneling x15  
  199  22:41  Spine Crawler  
  199  22:42  Corruptor, Spine Crawler  
  199  22:43  Spine Crawler  
  195  23:01  Zergling x2  
  195  23:02  Zergling x18  
  199  23:10  Baneling  
  199  23:11  Baneling x6  
  174  23:29  Brood Lord x2  
  174  23:30  Brood Lord x3  
  107  24:20  Swarm Host x13  
  107  24:21  Swarm Host x5  
  107  24:22  Zergling x22  
  107  24:23  Zergling x12  
  162  24:26  Zergling x26  
  162  24:27  Zergling x2, Overlord x9  
  162  24:28  Overlord x4  
  170  24:46  Baneling  
  170  24:47  Baneling x21  
  167  24:53  Spore Crawler  
  167  24:58  Hydralisk  
  167  24:59  Hydralisk x17  
  197  25:02  Baneling x9  
  148  25:23  Hydralisk x3  
  148  25:24  Hydralisk x6, Zergling x12  
  148  25:25  Zergling x4  
  174  25:30  Spine Crawler  
  174  25:35  Drone  
  174  25:36  Queen  
  174  25:37  Queen  
  174  25:38  Queen  
  174  25:40  Queen  
  182  25:50  Drone x3  
  182  25:53  Spore Crawler  
  184  26:08  Lurker x2  
  184  26:09  Lurker x3  
  184  26:10  Baneling  
  184  26:11  Baneling x15  
  178  26:39  Corruptor x3, Infestor  
  184  26:40  Corruptor x6  
  198  26:54  Corruptor x4  
  198  27:39  Hatchery  
  161  28:18  Hydralisk x2  
  161  28:19  Hydralisk x6  
  136  28:36  Spore Crawler  
  126  28:50  Lurker x8  
  134  28:56  Corruptor x5  
  140  29:33  Swarm Host  
  140  29:34  Swarm Host x3  
  139  29:52  Infestor  
  125  30:40  Infestor x3  
  125  30:41  Infestor x4  
  136  31:05  Corruptor, Infestor  
  136  31:06  Infestor  
  136  31:08  Infestor  
  132  31:28  Hydralisk  
  132  31:29  Hydralisk, Zergling x4  
  120  32:06  Drone x2  
  122  32:08  Drone x9  
  131  32:24  Lurker x2  
  131  32:27  Drone  
  131  32:28  Hydralisk  
  136  33:05  Hydralisk x2  
  136  33:06  Hydralisk x3  
  138  33:55  Hydralisk  
  140  34:35  Zergling x12  
  146  34:40  Zergling x2  
  146  34:45  Extractor  
  146  34:50  Hatchery  
  145  35:05  Hatchery  
  144  35:41  Lurker  
  145  36:02  Hatchery  
  135  36:30  Lurker  
  135  36:31  Lurker  
  134  36:47  Lurker x2  
  136  37:16  Extractor  
  136  37:19  Extractor  
  98  37:56  Zergling x2  
  98  37:57  Zergling x36  
  115  38:01  Viper  
  118  38:11  Hydralisk  
  118  38:12  Hydralisk x2  
  126  38:17  Hydralisk  
  126  38:18  Hydralisk x2  
  120  38:25  Drone  
  120  38:37  Lurker  
  120  38:39  Baneling x3  
  120  38:40  Baneling  
  120  39:06  Hydralisk, Drone  
  120  39:07  Drone  
  124  39:12  Lurker x2  
  124  39:13  Lurker, Zergling x2  
  124  39:14  Zergling x22  
Tags
 
Add a new tag
Caveats
  • Supply blocks, unpowered buildings, or Contaminate may cause inaccurate times.
  • Supply counts are checked every 10 seconds.